 Dungeon Crawl Stone Soup version 0.31-a0-521-gc7390f8997 (webtiles) character file.

Game seed: 10534615914748452072

88096 Mahakala the Executioner (level 15, -7/138 HPs)
             Began as a Minotaur Berserker on Aug 10, 2023.
             Was the Champion of Trog.
             Mangled by a harpy (shapeshifter) (10 damage)
             ... on level 15 of the Dungeon on Aug 11, 2023.
             The game lasted 01:11:14 (18728 turns).

Mahakala the Executioner (Minotaur Berserker)      Turns: 18728, Time: 01:11:15

Health: -7/138     AC: 29    Str: 28    XL:     15   Next: 45%
Magic:  14/14      EV:  9    Int:  6    God:    Trog [******]
Gold:   1990       SH:  0    Dex: 11    Spells: 14/14 levels left

rFire   + + .        E - +13 battleaxe of Forgiveness {heavy, Str-2 Dex+4}
rCold   . . .        (shield currently unavailable)
rNeg    . . .        c - +2 plate armour {rF+}
rPois   +            x - +0 hat
rElec   .            T - +3 cloak of Bewkiq {rF+ rC- Str+2}
rCorr   +            y - +1 pair of gloves
SInv    .            F - +3 pair of mountain boots {steadfast, rC+}
Will    ++...        b - amulet of regeneration Stlth
                     U - ring "Ygaihal" {Drain rPois rCorr Slay+4}
HPRegen 1.23/turn    r - ring of Erghip {Will+ Stlth+}
MPRegen 0.14/turn

%: no passive effects
@: slowed, very slow
A: horns 2, retaliatory headbutt, clumsy 1
a: Renounce Religion, Berserk, Trog's Hand, Brothers in Arms


You were on level 15 of the Dungeon.
You worshipped Trog.
Trog was exalted by your worship.
You visited 4 branches of the dungeon, and saw 23 of its levels.
You also visited: Bailey, Gauntlet and Volcano.

You collected 3427 gold pieces.
You spent 1437 gold pieces at shops.

Inventory:

Hand Weapons
 B - a +4 heavy executioner's axe
 E - the +13 battleaxe of Forgiveness (weapon) {heavy, Str-2 Dex+4}
   (Trog gifted it to you on level 2 of the Orcish Mines)

   Str-2:     It affects your strength (-2).
   Dex+4:     It affects your dexterity (+4).
 K - a +2 battleaxe of flaming
Missiles
 l - 27 poisoned darts
 C - 9 boomerangs
 H - 2 throwing nets {!f}
 J - 2 curare-tipped darts {!f}
 S - 8 javelins
Armour
 c - a +2 plate armour of fire resistance (worn)
 x - a +0 hat (worn)
 y - a +1 pair of gloves (worn)
 F - the +3 pair of mountain boots (worn) {steadfast, rC+}
   (You acquired it on level 10 of the Dungeon)

   Steadfast: It prevents involuntary movement, except for blinking,
   teleportation, or banishment.
   rC+:       It protects you from cold.
 T - the +3 cloak of Bewkiq (worn) {rF+ rC- Str+2}
   (You found it on level 4 of the Lair of Beasts)

   Str+2:     It affects your strength (+2).
   rF+:       It protects you from fire.
   rC-:       It makes you vulnerable to cold.
Jewellery
 b - an amulet of regeneration (around neck)
 p - a ring of positive energy
 r - the ring of Erghip (right hand) {Will+ Stlth+}
   (You acquired it on level 1 of the Lair of Beasts)

   [ring of willpower]

   Will+:     It increases your willpower.
   Stlth+:    It makes you more stealthy.
 w - a ring of flight
 z - a ring of see invisible
 P - a ring of protection from cold
 U - the ring "Ygaihal" (left hand) {Drain rPois rCorr Slay+4}
   (You acquired it on level 9 of the Dungeon)

   [ring of slaying]

   Slay+4:    It affects your accuracy & damage with ranged weapons and melee
   (+4).
   rPois:     It protects you from poison rCorr: It protects you from acid and
   corrosion.
   Drain:     It drains your maximum health when unequipped.
Wands
 d - a wand of iceblast (11)
 t - a wand of flame (24)
 u - a wand of charming (12)
 v - a wand of digging (10)
 N - a wand of polymorph (15)
Scrolls
 a - a scroll of identify {@r1}
 e - a scroll of silence
 f - 8 scrolls of teleportation {@r4}
 h - 4 scrolls of revelation
 i - 2 scrolls of immolation
 n - 3 scrolls of poison
 s - 2 scrolls of fear
 A - 2 scrolls of enchant armour
 G - 2 scrolls of enchant weapon
 I - 3 scrolls of blinking {@r3}
 M - 2 scrolls of fog
 X - a scroll of vulnerability
Potions
 j - 4 potions of curing {@q1}
 k - 3 potions of enlightenment
 m - 2 potions of mutation
 o - 2 potions of invisibility
 q - 7 potions of heal wounds {@q2}
 Q - 2 potions of ambrosia
 R - a potion of might
 Z - a potion of haste {@q3}
Miscellaneous
 g - a condenser vane
 D - a phial of floods
 O - a phantom mirror
 W - a lightning rod (4/4)


   Skills:
 - Level 14.0 Fighting
 + Level 23.7 Axes
 - Level 5.0 Throwing
 - Level 12.0 Armour
 - Level 5.0 Dodging
 - Level 12.8 Evocations


You had 14 spell levels left.
You didn't know any spells.
Your spell library was empty.

Dungeon Overview and Level Annotations

Branches:
Dungeon (15/15)            Temple (1/1) D:4            Lair (5/5) D:11
  Swamp (0/4) Lair:3        Snake (0/4) Lair:2        Slime (0/5) Lair:5
    Orc (2/2) D:10            Elf (0/3) Orc:2        Vaults (0/5) D:14
 Depths (0/4) D:15         Bailey (visited)         Volcano (visited)
Gauntlet (visited)

Altars:
Ashenzari
Cheibriados
Dithmenos
Elyvilon
Fedhas
Gozag
Hepliaklqana
Kikubaaqudgha
Makhleb
Nemelex Xobeh
Okawaru
Qazlal
Ru
Sif Muna
Trog
Uskayaw
Vehumet
Wu Jian
Xom
Yredelemnul
Zin
The Shining One
Jiyva

Shops:
D:3 (   D:4 ?[[[   D:7 *   D:12 ::*   Orc:1 ?   Orc:2 ?*[(

Portals:
Trove: D:11 (give 16 potions of curing)

Annotations:
D:8 1 runed translucent door, bmack86's ghost, novice MiFi
D:10 2 runed translucent doors, Dittersdorf's ghost, journeyman GrFi


Innate Abilities, Weirdness & Mutations

You have a pair of horns on your head.
You reflexively headbutt those who attack you in melee.
You are clumsy. (Dex -2)


Message History

The freezing wraith hits you.
* * * LOW HITPOINT WARNING * * *
The freezing wraith drains your vigour!
You feel as though you will be slow longer.
The centaur warrior hits you!
* * * LOW HITPOINT WARNING * * *
The centaur warrior barely misses you. The freezing wraith barely misses you.
You furiously retaliate!
You headbutt the freezing wraith!
You destroy the freezing wraith!
Trog accepts your kill.
You slice the fire giant!!
The fire giant is moderately wounded.
The centaur warrior hits you.
* * * LOW HITPOINT WARNING * * *
The centaur warrior kicks you but does no damage.
You chop the centaur warrior into pieces!!!
You kill the centaur warrior!
Trog accepts your kill.
You hit the fire giant.
The fire giant points at you and mumbles some strange words.
The bolt of fire hits you! You resist.
* * * LOW HITPOINT WARNING * * *
The fire giant hits you but does no damage.
You chop the fire giant into pieces!!!
The fire giant is almost dead.
The harpy claws you but does no damage. The harpy claws you.
* * * LOW HITPOINT WARNING * * *
The fire giant points at you and mumbles some strange words.
The bolt of fire misses you. The harpy closely misses you.
The harpy barely misses you.
The fire giant hits you with a +2 great sword of flaming.
* * * LOW HITPOINT WARNING * * *
You slash the fire giant!
You kill the fire giant!
Trog accepts your kill.
Trog appreciates your killing of a magic user.
You slash the harpy! The harpy claws you!
* * * LOW HITPOINT WARNING * * *
The harpy claws you but does no damage. The harpy claws you!
You die...

#.....8 ..###
#^..... /..' #......
:!.' ##...... ..#
##....... ### '
#........
####..###..##.......
#.'H)..'... #.......
#.'@)..'... #.......
#.##..###..##.......
#..####.####........
##.####............#
#.........#########
#########.# #.# #.#
#.#


You could see a harpy shaped shifter.

Vanquished Creatures
  Saint Roka (Orc:2)
  A fire giant (D:15)
  An orc warlord (Bailey)
  A quicksilver dragon skeleton (D:15)
  9 hydras
  A catoblepas (D:14)
  3 boulder beetles
  6 two-headed ogres
  Erica (D:8)
  2 ghost crabs (Lair:3)
  A two-headed ogre (shapeshifter) (D:14)
  5 centaur warriors
  5 death yaks (Lair:4)
  A merfolk avatar (Lair:5)
  2 orc high priests (Orc:2)
  A wretched star (Gauntlet)
  A skeletal warrior (D:15)
  A spark wasp zombie (D:15)
  2 glowing orange brains (Gauntlet)
  A lindwurm (Lair:5)
  A spectral hydra (Lair:3)
  A necromancer (D:15)
  A phantasmal warrior (D:15)
  4 harpies
  2 deep elf pyromancers
  2 orc knights
  3 salamanders
  8 cyclopes
  A shining eye (Gauntlet)
  A stone giant zombie (D:15)
  5 ugly things
  A cyclops (shapeshifter) (D:14)
  6 manticores
  A rust devil (Gauntlet)
  8 black mambas
  10 elephants
  3 slime creatures (Gauntlet)
  A torpor snail (Lair:1)
  2 gargoyles (D:13)
  7 cane toads
  2 unseen horrors
  4 rime drakes
  8 komodo dragons
  4 yaktaurs (D:15)
  2 kobold demonologists (D:11)
  2 efreet (D:15)
  4 freezing wraiths
  A guardian mummy (D:15)
  7 trolls
  A hornet (shapeshifter) (D:14)
  A wind drake (shapeshifter) (D:14)
  A merfolk (D:9)
  2 hornets (Lair:5)
  Grinder (D:4)
  A wind drake (Lair:5)
  A spectral elephant (Lair:3)
  2 snapping turtles (Lair:5)
  4 dream sheep (Lair:3)
  10 blink frogs
  3 centaur simulacra
  A ynoxinul (Gauntlet)
  Sigmund (D:4)
  5 wraiths
  2 wyverns
  5 basilisks
  A spriggan skeleton (D:15)
  38 yaks
  A fire bat (Volcano)
  6 vampire mosquitoes
  3 steam dragons
  A neqoxec (Gauntlet)
  2 nagas (Lair:2)
  A warg (Orc:1)
  2 hell hounds (Volcano)
  9 water moccasins
  2 floating eyes (Gauntlet)
  39 orc warriors
  3 ice beasts
  A small abomination (Gauntlet)
  2 sky beasts
  6 black bears
  5 ogres
  13 centaurs
  3 kobold brigands
  6 bullfrogs
  4 scorpions
  16 wights
  5 killer bees (D:8)
  3 howler monkeys
  4 electric eels (Lair:1)
  6 hounds
  24 orc priests
  5 jellies
  3 iron imps (Gauntlet)
  2 sleepcaps
  4 iguanas
  Natasha (thrice) (D:3)
  30 orc wizards
  11 gnolls
  4 adders
  2 white imps
  2 ufetubi
  3 worms
  2 dart slugs (D:1)
  106 orcs
  5 endoplasms
  5 giant cockroaches
  20 goblins
  14 hobgoblins
  31 kobolds
  6 quokkas
  3 ball pythons
  7 bats
  3 frilled lizards
  6 rats
  2 butterflies (Lair:1)
674 creatures vanquished.

Vanquished Creatures (collateral kills)
  A minotaur (Gauntlet)
  The ghost of Dittersdorf the Basher, a novice GrFi of Okawaru (D:9)
  A spectral centaur (D:9)
  A centaur zombie (D:9)
4 creatures vanquished.

Vanquished Creatures (others)
  A spectral centaur (D:9)
  A cane toad (Lair:5)
2 creatures vanquished.

Grand Total: 680 creatures vanquished

Notes
Turn   | Place    | Note
-------+----------+-------------------------------------------
     0 | D:1      | Mahakala the Minotaur Berserker began the quest for the
                  | Orb.
     0 | D:1      | Reached XP level 1. HP: 19/19 MP: 0/0
   264 | D:1      | Reached skill level 4 in Axes
   283 | D:1      | Reached XP level 2. HP: 27/27 MP: 1/1
   500 | D:1      | Reached ** piety under Trog
   592 | D:1      | Reached XP level 3. HP: 34/34 MP: 2/2
  1079 | D:2      | Reached XP level 4. HP: 41/41 MP: 3/3
  1246 | D:3      | Reached skill level 5 in Fighting
  1246 | D:3      | Reached skill level 5 in Axes
  1255 | D:3      | Noticed Natasha
  1261 | D:3      | Killed Natasha
  1273 | D:3      | Found Igousseg's Antique Weapon Shoppe.
  1315 | D:3      | Noticed Natasha
  1324 | D:3      | Killed Natasha
  1417 | D:3      | Noticed Natasha
  1429 | D:3      | Reached skill level 6 in Axes
  1432 | D:3      | Killed Natasha
  1433 | D:3      | Reached XP level 5. HP: 33/48 MP: 4/4
  1459 | D:3      | Reached *** piety under Trog
  1754 | D:4      | Found Kagywkin's Armour Emporium.
  1775 | D:4      | Found a staircase to the Ecumenical Temple.
  1786 | Temple   | Entered the Ecumenical Temple
  1797 | D:4      | Reached skill level 7 in Axes
  1879 | D:4      | Found an iron altar of Okawaru.
  1883 | D:4      | Noticed Sigmund
  1886 | D:4      | Noticed Grinder
  1893 | D:4      | Killed Sigmund
  1894 | D:4      | Reached skill level 8 in Axes
  1894 | D:4      | Reached XP level 6. HP: 56/56 MP: 5/5
  1905 | D:4      | Killed Grinder
  1906 | D:4      | Reached XP level 7. HP: 60/61 MP: 6/6
  1944 | D:4      | Reached skill level 9 in Axes
  1960 | D:4      | Reached skill level 5 in Armour
  2016 | D:4      | Found Xevoj's Magic Scroll Shop.
  2027 | D:4      | Bought a scroll of identify for 26 gold pieces
  2157 | D:4      | Found Woiwur's Armour Boutique.
  2229 | D:4      | Found Xoith's Armour Shoppe.
  2239 | D:5      | Entered Level 5 of the Dungeon
  2266 | D:5      | Reached skill level 10 in Axes
  2311 | D:5      | Reached XP level 8. HP: 59/68 MP: 7/7
  2418 | D:5      | Reached skill level 11 in Axes
  2480 | D:5      | Found a glowing golden altar of the Shining One.
  2588 | D:5      | Reached skill level 12 in Axes
  2671 | D:5      | Found a hazy altar of Hepliaklqana.
  2671 | D:5      | Found a sacrificial altar of Ru.
  2675 | D:5      | Found a glowing silver altar of Zin.
  2695 | D:5      | Found a stormy altar of Qazlal.
  2980 | D:6      | Found a basalt altar of Yredelemnul.
  3094 | D:6      | Reached skill level 13 in Axes
  3147 | D:6      | Reached **** piety under Trog
  3148 | D:6      | Reached XP level 9. HP: 74/74 MP: 8/8
  3484 | D:6      | Reached skill level 14 in Axes
  3608 | D:6      | Found a white marble altar of Elyvilon.
  3705 | D:6      | Reached skill level 1 in Throwing
  3840 | D:7      | Found Ozoosy's General Store.
  3933 | D:3      | Bought a glowing broad axe for 154 gold pieces
  4111 | D:7      | Identified the +0 robe "Lahael" {rF+ Str-4 Dex+2}
  4822 | D:8      | Reached XP level 10. HP: 65/81 MP: 9/9
  4981 | D:8      | Reached skill level 15 in Axes
  4981 | D:8      | Found a runed translucent door.
  4985 | D:8      | Noticed bmack86's ghost (novice MiFi)
  5024 | D:8      | Noticed Erica
  5033 | D:8      | Killed Erica
  5034 | D:8      | Reached skill level 5 in Throwing
  5611 | D:9      | Found a runed translucent gate.
  5611 | D:9      | Found a runed translucent gate.
  5611 | D:9      | Found a runed translucent gate.
  5623 | D:9      | Noticed a spectral centaur warrior
  5623 | D:9      | Noticed Dittersdorf's ghost (novice GrFi)
  5623 | D:9      | Noticed a spectral centaur warrior
  5836 | D:9      | Reached skill level 16 in Axes
  6047 | D:9      | Reached ***** piety under Trog
  6430 | D:9      | Reached skill level 17 in Axes
  6554 | D:10     | Entered Level 10 of the Dungeon
  6590 | D:10     | Noticed a two-headed ogre
  6598 | D:10     | Killed a two-headed ogre
  6799 | D:10     | Found a flagged portal.
  6836 | Bailey   | Entered a bailey
  6941 | Bailey   | Reached XP level 11. HP: 45/86 MP: 10/10
  7001 | Bailey   | Received a gift from Trog
  7008 | Bailey   | Reached skill level 1 in Evocations
  7117 | Bailey   | Noticed an orc warlord
  7140 | Bailey   | Killed an orc warlord
  7237 | D:10     | Acquired a manual of Evocations
  7239 | D:10     | Acquired the +3 pair of mountain boots {steadfast, rC+}
  7239 | D:10     | Found the +3 pair of mountain boots {steadfast, rC+}
  7279 | D:10     | Found a runed translucent door.
  7280 | D:10     | Noticed a centaur warrior
  7280 | D:10     | Noticed a skeletal warrior
  7280 | D:10     | Noticed a lich
  7281 | D:10     | Noticed a fire giant
  7283 | D:10     | Noticed Dittersdorf's ghost (journeyman GrFi)
  7284 | D:10     | Noticed a necromancer
  7284 | D:10     | Noticed a skeletal warrior
  7288 | D:10     | Found a runed translucent door.
  7313 | D:10     | Reached skill level 18 in Axes
  7392 | D:10     | Noticed a two-headed ogre
  7398 | D:10     | Killed a two-headed ogre
  7687 | D:10     | Noticed a two-headed ogre
  7694 | D:10     | Killed a two-headed ogre
  7705 | D:10     | Found a staircase to the Orcish Mines.
  7749 | D:10     | Reached skill level 5 in Evocations
  7956 | D:9      | Killed Dittersdorf's ghost
  7988 | D:9      | Acquired the ring "Ygaihal" {Drain rPois rCorr Slay+4}
  8081 | D:11     | Found a portal to a secret trove of treasure.
  8153 | D:11     | Noticed a boulder beetle
  8163 | D:11     | Killed a boulder beetle
  8261 | D:11     | Noticed a white ugly thing
  8273 | D:11     | Killed a white ugly thing
  8274 | D:11     | Reached XP level 12. HP: 48/104 MP: 3/11
  8638 | D:11     | Reached skill level 19 in Axes
  8639 | D:11     | Found a staircase to the Lair.
  8973 | Lair:1   | Entered Level 1 of the Lair of Beasts
  9055 | Lair:1   | Acquired the ring of Jafrimeck {*Slow rElec rN+++ Will+
                  | Dex-2}
  9060 | Lair:1   | Acquired the ring of Erghip {Will+ Stlth+}
  9198 | Lair:1   | Reached skill level 10 in Fighting
  9945 | Lair:2   | Received a gift from Trog
 10579 | Lair:2   | Found a staircase to the Snake Pit.
 10868 | Lair:3   | Reached skill level 10 in Evocations
 11132 | Lair:3   | Reached skill level 20 in Axes
 11136 | Lair:3   | Reached XP level 13. HP: 97/113 MP: 4/12
 11391 | Lair:3   | Found a staircase to the Swamp.
 11401 | Lair:3   | Reached skill level 10 in Armour
 11606 | Lair:4   | Identified the +3 cloak of Bewkiq {rF+ rC- Str+2}
 12206 | Lair:4   | Reached skill level 5 in Dodging
 12487 | Lair:5   | Entered Level 5 of the Lair of Beasts
 12493 | Lair:5   | Received a gift from Trog
 12560 | Lair:5   | Found a viscous altar of Jiyva.
 12561 | Lair:5   | Found a staircase to the Slime Pits.
 12881 | Lair:5   | Reached XP level 14. HP: 106/124 MP: 4/13
 13491 | D:7      | Bought a potion of haste for 150 gold pieces
 13491 | D:7      | Bought a lightning rod (4/4) for 450 gold pieces
 13497 | D:7      | Acquired 951 gold pieces
 13566 | Orc:1    | Entered Level 1 of the Orcish Mines
 13620 | Orc:1    | Found a dark tunnel.
 13630 | Volcano  | Entered a volcano
 14030 | Orc:1    | Received a gift from Trog
 14437 | Orc:1    | Found Vaadd's Magic Scroll Boutique.
 14448 | Orc:1    | Bought a scroll of teleportation for 54 gold pieces
 14507 | Orc:2    | Entered Level 2 of the Orcish Mines
 14602 | Orc:2    | Found a staircase to the Elven Halls.
 14844 | Orc:2    | Found Naligga's General Store.
 15372 | Orc:2    | Found Gepahiq's Magic Scroll Emporium.
 15388 | Orc:2    | Bought a scroll of brand weapon for 123 gold pieces
 15581 | Orc:2    | Identified the +13 battleaxe of Forgiveness {heavy, Str-2
                  | Dex+4} (Trog gifted it to you on level 2 of the Orcish
                  | Mines)
 15581 | Orc:2    | Received a gift from Trog
 15672 | Orc:2    | Noticed Saint Roka
 15689 | Orc:2    | Killed Saint Roka
 15744 | Orc:2    | Found Qipnysam's Antique Armour Shoppe.
 15748 | Orc:2    | Found Kuof Ira's Antique Weapon Emporium.
 15905 | D:12     | Found Okudula's Assorted Antiques.
 15909 | D:12     | Bought a scroll of blinking for 240 gold pieces
 15909 | D:12     | Bought a scroll of blinking for 240 gold pieces
 16124 | D:12     | Found Cankut's Book Shop.
 16306 | D:12     | Found Piypust's Book Emporium.
 16578 | D:13     | Reached skill level 21 in Axes
 16621 | D:13     | Received a gift from Trog
 17044 | D:14     | Found a gate to the Vaults.
 17539 | D:14     | Reached skill level 22 in Axes
 17784 | D:15     | Entered Level 15 of the Dungeon
 17857 | D:15     | Reached XP level 15. HP: 108/138 MP: 14/14
 17914 | D:15     | Found a gate leading to a gauntlet.
 17933 | Gauntlet | Entered a Gauntlet
 17933 | Gauntlet | Found a transporter.
 17933 | Gauntlet | Found a runed translucent door.
 17934 | Gauntlet | Found a runed translucent door.
 17943 | Gauntlet | Found a transporter.
 17946 | Gauntlet | Found a transporter.
 17947 | Gauntlet | Found a transporter.
 17955 | Gauntlet | Found a transporter.
 17958 | Gauntlet | Found a transporter.
 17959 | Gauntlet | Found a transporter.
 17970 | Gauntlet | Found a transporter.
 17970 | Gauntlet | Found a transporter.
 17971 | Gauntlet | Found a transporter.
 17982 | Gauntlet | Found a transporter.
 17982 | Gauntlet | Found a transporter.
 17983 | Gauntlet | Found a transporter.
 17992 | Gauntlet | Found a transporter.
 18119 | Gauntlet | Gained mutation: You are clumsy. (Dex -2) [a shining eye]
 18435 | D:15     | Reached skill level 23 in Axes
 18488 | D:15     | Found a staircase to the Depths.
 18509 | D:15     | Received a gift from Trog
 18721 | D:15     | Noticed a fire giant
 18726 | D:15     | Reached ****** piety under Trog
 18728 | D:15     | Killed a fire giant
 18728 | D:15     | HP: 3/138 [harpy (shapeshifter) (8)]
 18728 | D:15     | Mangled by a harpy (shapeshifter)

Illustrated notes

Levels and vault maps discovered:
D:1:      dpeg_arrival_rooms_b, layout_loops_ring, grunt_decor_one_mirror
D:2:      layout_rooms
D:3:      layout_rooms, serial_shops, shop, corexii_item_surrounded_by_moat,
          grunt_ministairs_15, minivault_19, chequers_serial_rivers_micro_b,
          uniq_natasha
D:4:      layout_cave_pools, okawaru_gym_becter, minmay_temple_entry_hall,
          serial_shops, shop, nicolae_shop_behind_doors,
          nicolae_shop_rolling_square, nicolae_shop_behind_doors, uniq_sigmund,
          uniq_grinder
D:5:      layout_basic, nicolae_overflow_macrodata_refinement,
          mainiacjoe_overflow_concentric_impassable, serial_bayou_pond_a
D:6:      layout_basic, kennysheep_ying_yang
D:7:      layout_cave_pools, serial_shops, nicolae_shop_just_a_little_nook,
          serial_bayou_lagoon_a
D:8:      layout_cave_pods, ebering_ghost_reflecting_pool, uniq_erica
D:9:      layout_basic, gammafunk_ghost_necromancy, serial_co_window_serial,
          co_window_corner_a, co_window_corner_a, co_window_paths_b,
          co_window_of_opportunity_a, co_window_paths_b,
          co_window_unsneaky_path_d, co_window_cross_3,
          co_window_of_opportunity_b, glass_columns_b, glass_columns_a,
          glass_columns_a, hangedman_fish_farm
D:10:     layout_loops_ring, minmay_orc_entry_temple_small, enter_bailey_7,
          muffindrake_ghost_dual_entry
D:11:     layout_gridville, lair_entry_dummy, enter_trove_1
D:12:     layout_roguey, serial_shops, nicolae_shop_back_alley_shop,
          nicolae_shop_pleasant_corner_grove,
          nicolae_shop_pleasant_corner_grove, grunt_ministairs_13
D:13:     layout_rooms, eino_tiny_chamber, st_stairs_8
D:14:     layout_loops_ring, david_vaults_2, minmay_misc_feat_four_crosses
D:15:     gammafunk_depths_entry_grave, layout_irregular_city,
          gauntlet_entry_generic, kennysheep_four_rooms
Temple:   nicolae_temple_bog_church
Lair:1:   statuecave_lemuel, layout_layer_cave, serial_bayou_shore_a,
          lemuel_fruit_fields, infiniplex_staircase_pool
Lair:2:   layout_regular_city, alex1729_snake_entry_snake,
          minmay_stone_trees_small, hangedman_lair_unloving_vines,
          nicolae_quartered_pool_little, grunt_megastairs_5
Lair:3:   layout_chaotic_city, nicolae_swamp_entry_spooky,
          infiniplex_staircase_pool_2
Lair:4:   layout_cave_pods
Lair:5:   gammafunk_lair_ancient_temple, layout_misc_corridors, slime_entry_1,
          grunt_forest_small_clearing_treed, serial_bayou_shore_b
Orc:1:    minmay_goldmine, layout_caves, enter_volcano_4, serial_shops,
          nicolae_shop_hallway_stairs
Orc:2:    grunt_orc_community_town_hall, layout_diamond_mine,
          grunt_orc_community_big_house_2, grunt_orc_community_big_house_1,
          grunt_orc_community_house_3, grunt_orc_community_house_2,
          grunt_orc_community_house_2, grunt_orc_community_house_2,
          grunt_orc_community_house_3, grunt_orc_community_house_3,
          nicolae_orc_stony_grotto

Skill      XL: |  1  2  3  4  5  6  7  8  9 10 11 12 13 14 15 |
---------------+----------------------------------------------+-----
Fighting       | 4 5 9 10 11 14 | 14.0
Axes           | 4 6 8 10 13 14 17 18 20 22 23 | 23.7
Armour         | 3 4 5 7 9 12 | 12.0
Throwing       | 4 5 |  5.0
Evocations     | 6 10 12 | 12.8
Dodging        | 5 |  5.0

Action                     |  1- 3 |  4- 6 |  7- 9 | 10-12 | 13-15 || total
---------------------------+-------+-------+-------+-------+-------++-------
  Melee: Hand axe          |    72 |    58 |   101 |       |       ||   231
         Headbutt          |    12 |    11 |    44 |    94 |   127 ||   288
         Punch             |       |     1 |     2 |     1 |     1 ||     5
         Broad axe         |       |       |   164 |   130 |       ||   294
         Battleaxe         |       |       |       |   362 |   555 ||   917
         Scimitar          |       |       |       |       |    13 ||    13
         Executioner's axe |       |       |       |       |    22 ||    22
  Throw: Dart              |       |       |       |     2 |       ||     2
 Invoke: Berserk           |     1 |     2 |     4 |     6 |     6 ||    19
         Trog's Hand       |       |     1 |       |     1 |       ||     2
         Brothers in Arms  |       |       |       |     1 |     1 ||     2
  Evoke: Wand              |       |       |       |     4 |     2 ||     6
    Use: Scroll            |       |     1 |     5 |    18 |     9 ||    33
         Potion            |       |       |       |       |     4 ||     4
   Stab: Distracted        |       |       |       |     1 |       ||     1
 Armour: Ring mail         |    16 |    14 |    55 |       |       ||    85
         Animal skin       |     4 |       |       |       |       ||     4
         Chain mail        |       |       |    27 |    58 |       ||    85
         Plate armour      |       |       |       |   120 |   496 ||   616
  Dodge: Dodged            |    46 |    38 |   135 |   148 |   243 ||   610

Table legend: (Time is in decaauts)
 A = Elapsed time spent in this place.
 B = Non-inter-level travel time spent in this place.
 C = Inter-level travel time spent in this place.
 D = Time resting spent in this place.
 E = Time spent auto-exploring this place.
 F = Levels seen in this place.
 G = Mean time per level.
                   A        B        C        D        E       F      G
               +--------+--------+--------+--------+--------+-----+--------+
         Total |  18744 |  17475 |   1269 |    955 |  10640 |  26 |  720.9 |
       Dungeon |  11434 |  10501 |    933 |    537 |   6790 |  15 |  762.3 |
        Temple |      1 |      1 |      0 |      0 |      0 |   1 |    1.0 |
          Lair |   4351 |   4159 |    192 |    235 |   2721 |   5 |  870.2 |
  Orcish Mines |   2030 |   1888 |    142 |     49 |   1129 |   2 | 1015.0 |
        Bailey |    387 |    387 |      0 |    107 |      0 |   1 |  387.0 |
       Volcano |    213 |    213 |      0 |     27 |      0 |   1 |  213.0 |
      Gauntlet |    324 |    324 |      0 |      0 |      0 |   1 |  324.0 |
               +--------+--------+--------+--------+--------+-----+--------+

Top non-repeatable levels by time:
   Orc:2: 1287 daAuts
    D:10: 1108 daAuts
     D:9: 1083 daAuts
     D:8: 1050 daAuts
    D:11: 1029 daAuts
  Lair:4: 955 daAuts
     D:6: 941 daAuts
  Lair:2: 894 daAuts
     D:1: 886 daAuts
  Lair:1: 879 daAuts
  Lair:5: 823 daAuts
  Lair:3: 799 daAuts
     D:5: 776 daAuts
    D:14: 770 daAuts
   Orc:1: 742 daAuts
